 Dungeon Crawl Stone Soup version 0.25.1-8-g42b30a86e7 (webtiles) character file.

Game seed: 17814688225311693835

118 nikku the Chiller (level 4, -8/24 HPs)
             Began as a Deep Elf Ice Elementalist on Dec 12, 2020.
             Mangled by Grinder (9 damage)
             ... on level 3 of the Dungeon on Dec 21, 2020.
             The game lasted 00:06:43 (2947 turns).

nikku the Chiller (Deep Elf Ice Elementalist)       Turns: 2947, Time: 00:06:44

Health: -8/24      AC:  5    Str:  6    XL:     4   Next: 72%
Magic:  5/12       EV: 14    Int: 20    God:
Gold:   98         SH:  0    Dex: 15    Spells: 8/12 levels left

rFire    . . .     SeeInvis .   e - +0 dagger
rCold    . . .     Gourm    .   (no shield)
rNeg     . . .     Faith    .   a - +0 robe
rPois    .         Spirit   .   (no helmet)
rElec    .         Reflect  .   i - +2 cloak
rCorr    .         Harm     .   (no gloves)
MR       +....                  (no boots)
Stlth    ++........             (no amulet)
HPRegen  0.08/turn              b - ring of protection from magic
MPRegen  0.13/turn              (no ring)

@: no status effects
A: no striking features
a: no special abilities


You were on level 3 of the Dungeon.
You were not hungry.

You visited 1 branch of the dungeon, and saw 3 of its levels.

You collected 98 gold pieces.

Inventory:

Hand Weapons
 e - a +0 dagger (weapon)
 m - a +0 quarterstaff of draining
Missiles
 d - 37 stones (quivered)
Armour
 a - a +0 robe (worn)
 i - a +2 cloak (worn)
Jewellery
 b - a ring of protection from magic (left hand)
 n - an uncursed ring of flight
Scrolls
 l - a scroll of enchant armour {unknown}
 o - a scroll of blinking
Potions
 f - a potion of brilliance
 g - 2 potions of ambrosia
 h - a potion of might {unknown}
 j - a potion of stabbing {unknown}
 k - a potion of mutation {unknown}
Comestibles
 c - 5 rations
 p - 2 chunks of flesh


   Skills:
 + Level 4.0 Dodging
 - Level 2.4 Stealth
 + Level 4.5 Spellcasting
 + Level 5.3 Ice Magic


You had 8 spell levels left.
You knew the following spells:

 Your Spells              Type           Power        Failure   Level  Hunger
a - Freeze                Ice            ####         1%          1    None
c - Frozen Ramparts       Ice            ####..       4%          3    ##.....

Your spell library contained the following spells:

 Spells                   Type           Power        Failure   Level  Hunger
 Ozocubu's Armour         Chrm/Ice       ###.....     12%         3    ##.....
 Hailstorm                Conj/Ice       ###.....     38%         4    ####...
 Summon Ice Beast         Ice/Summ       ###.....     38%         4    ####...


Dungeon Overview and Level Annotations

Branches:
Dungeon (3/15)

Altars:

Annotations:
D:3 Grinder


Message History

Aim: Grinder (lightly wounded) Grinder resists.
You freeze Grinder.
Grinder is lightly wounded.
The frozen ramparts melt away.
Grinder hits you but does no damage.
Casting: Freeze (safe; 1% risk of failure)
Confirm with . or Enter, or press ? or * to list all spells.
Aiming: Freeze (safe; 1% risk of failure)
Press: ? - help, Shift-Dir - straight line, f/p - Grinder
Aim: Grinder (lightly wounded) Grinder resists.
You freeze Grinder.
Grinder is moderately wounded.
Grinder hits you.
* * * LOW HITPOINT WARNING * * *
Grinder blinks!
Grinder hits you.
* * * LOW HITPOINT WARNING * * *
Grinder gestures at you. You resist with some effort. Grinder hits you!
You die...

###########...(# .
.............((####.(
#....................
#...)........(.......
.............(.......
#..........)........
##....รท.............
######.##...........
#>.@...##)..........
#...5...)(..........
#......##........)..
#<.....##...........
#.....[#########...
######## ^..


You could see Grinder.

Vanquished Creatures
  Terence (D:3)
  4 adders
  A worm (D:2)
  2 dart slugs
  2 leopard geckos (D:1)
  5 bats (D:1)
  3 giant cockroaches (D:1)
  2 goblins
  9 hobgoblins
  6 jackals
  A quokka (D:2)
  A ball python (D:1)
  4 frilled lizards
  3 kobolds (D:1)
  6 rats (D:1)
50 creatures vanquished.

Notes
Turn   | Place    | Note
-------+----------+-------------------------------------------
     0 | D:1      | nikku the Deep Elf Ice Elementalist began the quest for the
                  | Orb.
     0 | D:1      | Reached XP level 1. HP: 10/10 MP: 6/6
   209 | D:1      | Reached XP level 2. HP: 15/15 MP: 6/8
  1193 | D:1      | Reached XP level 3. HP: 8/19 MP: 3/10
  2118 | D:2      | Reached skill level 5 in Ice Magic
  2359 | D:2      | Reached XP level 4. HP: 24/24 MP: 7/12
  2364 | D:2      | Learned a level 3 spell: Frozen Ramparts
  2838 | D:3      | Noticed Terence
  2854 | D:3      | Killed Terence
  2923 | D:3      | Noticed Grinder
  2945 | D:3      | HP: 1/24 [Grinder (5)]
  2947 | D:3      | Mangled by Grinder

Illustrated notes

Levels and vault maps discovered:
D:1:      sevenhm_arrival_forest_fort_small_1, layout_loops_corners
D:2:      layout_loops_corners, wad_floor_pattern_2
D:3:      layout_rooms, nicolae_overflow_crystal_walls,
          lemuel_zombie_altar_yredelemnul, overflow_temple_1_default,
          first_ration, chequers_ecumenical_altar_island, uniq_grinder,
          uniq_terence, uniq_crazy_yiuf_cottage

Skill      XL: |  1  2  3  4 |
---------------+-------------+-----
Dodging        | 3 4 |  4.0
Spellcasting   | 4 |  4.5
Ice Magic      | 5 |  5.3
Stealth        | |  2.4

Action                   |  1- 3 |  4- 6 || total
-------------------------+-------+-------++-------
Melee: Dagger            |    71 |       ||    71
Throw: Stone             |    18 |    13 ||    31
 Cast: Freeze            |    48 |    17 ||    65
       Frozen Ramparts   |       |     3 ||     3
  Use: Scroll            |     2 |     2 ||     4
 Stab: Sleeping          |     2 |       ||     2
  Eat: Chunk             |     4 |     2 ||     6
Armor: Robe              |    27 |     6 ||    33
Dodge: Dodged            |    89 |     4 ||    93
